 Dungeon Crawl Stone Soup version 0.30.0-10-gfe55d96785 (webtiles) character file.

Game seed: 9607116176394094267

237 freelancePsychic the Trooper (level 5, -1/46 HPs)
             Began as a Minotaur Warper on May 13, 2023.
             Slain by Crazy Yiuf
             ... wielding a +2 quarterstaff of chaos
              (6 damage)
             ... on level 3 of the Dungeon.
             The game lasted 00:04:50 (3224 turns).

freelancePsychic the Trooper (Minotaur Warper)      Turns: 3224, Time: 00:04:50

Health: -1/46      AC:  3    Str: 15    XL:     5   Next: 77%
Magic:  6/6        EV: 12    Int: 10    God:
Gold:   114        SH:  0    Dex: 12    Spells: 6/6 levels left

rFire   . . .        b - +0 arbalest
rCold   . . .        (shield currently unavailable)
rNeg    . . .        k - +0 leather armour
rPois   .            (helmet restricted)
rElec   .            (no cloak)
rCorr   .            (no gloves)
SInv    .            (no boots)
Will    .....        (no amulet)
Stlth   ++           (no ring)
HPRegen 0.27/turn    (no ring)
MPRegen 0.10/turn

%: no passive effects
@: no status effects
A: horns 2, retaliatory headbutt
a: no special abilities


You were on level 3 of the Dungeon.
You visited 1 branch of the dungeon, and saw 3 of its levels.

You collected 114 gold pieces.

Inventory:

Hand Weapons
 a - a +0 mace
 b - a +0 arbalest (weapon)
Missiles
 d - 7 boomerangs of dispersal
 f - 4 silver javelins
 i - 4 poisoned darts
Armour
 k - a +0 leather armour (worn)
Scrolls
 c - a scroll of blinking
 e - 3 scrolls of teleportation {unknown}
 g - a scroll of magic mapping {unknown}
 n - 2 scrolls of identify {unknown}
 q - a scroll of enchant weapon {unknown}
 t - a scroll of brand weapon {unknown}
 u - a scroll of fog {unknown}
 v - 2 scrolls of enchant armour {unknown}
 w - a scroll of amnesia {unknown}
 x - a scroll of vulnerability {unknown}
 y - a scroll of butterflies {unknown}
Potions
 h - a potion of brilliance {unknown}
 j - a potion of heal wounds {unknown}
 l - 3 potions of curing {unknown}
 m - 2 potions of experience {unknown}
 o - 3 potions of ambrosia {unknown}
 p - 2 potions of flight {unknown}
 r - a potion of berserk rage {unknown}
 s - 2 potions of invisibility
 z - a potion of lignification {unknown}


   Skills:
 + Level 4.1 Fighting
 - Level 3.1 Maces & Flails
 * Level 3.8 Ranged Weapons
 - Level 1.0 Throwing
 - Level 1.2 Armour
 - Level 2.1 Dodging
 + Level 2.5 Stealth
 - Level 1.3 Spellcasting
 - Level 2.1 Translocations


You had 6 spell levels left.
You didn't know any spells.
Your spell library contained the following spells:

 Spells                   Type           Power      Damage    Failure   Level
 Blink                    Tloc           10%        N/A       26%         2
 Lesser Beckoning         Tloc           10%        N/A       26%         2
 Momentum Strike          Conj/Tloc      4%         3d8       36%         2
 Teleport Other           Tloc           5%         N/A       45%         3
 Vhi's Electric Charge    Tloc/Air       4%         N/A       61%         3
 Manifold Assault         Tloc           5%         N/A       86%         4


Dungeon Overview and Level Annotations

Branches:
Dungeon (3/15)

Altars:
Hepliaklqana

Annotations:
D:3 Crazy Yiuf, Ijyb


Innate Abilities, Weirdness & Mutations

You have a pair of horns on your head.
You reflexively headbutt those who attack you in melee.


Message History

A giant cockroach comes into view.
You shoot a bolt. The bolt hits the giant cockroach!
You kill the giant cockroach!
No target in view!
No target in view!
There is an open door here.
There is an open door here.
There is an open door here.
Things that are here:
a +2 whip of electrocution; a +0 leather armour You see here a +0 hand axe.
You see here a +0 hand axe.
There is an open door here.
Things that are here:
a +2 whip of electrocution; a +0 leather armour
There is an open door here.
You see here a +0 robe.
Crazy Yiuf shouts!
You open the door. You shoot a bolt. The bolt completely misses Crazy Yiuf.
Crazy Yiuf hits you with a +2 quarterstaff of chaos!
Crazy Yiuf freezes you.
Crazy Yiuf cries, "Cod return to song ena!"
Crazy Yiuf hits you with a +2 quarterstaff of chaos!
Crazy Yiuf freezes you.
You are too injured to fight recklessly!
You are too injured to fight recklessly!
You shoot a bolt. The bolt barely misses Crazy Yiuf.
Crazy Yiuf closely misses you. Crazy Yiuf barely misses you.
You shoot a bolt. The bolt closely misses Crazy Yiuf.
Crazy Yiuf screams, "Proton mobile disdain!"
Crazy Yiuf hits you with a +2 quarterstaff of chaos!
* * * LOW HITPOINT WARNING * * *
Crazy Yiuf hits you with a +2 quarterstaff of chaos!
* * * LOW HITPOINT WARNING * * *
You shoot a bolt. The bolt closely misses Crazy Yiuf.
Crazy Yiuf misses you. You furiously retaliate!
You headbutt Crazy Yiuf. You shoot a bolt. The bolt barely misses Crazy Yiuf.
Crazy Yiuf hits you with a +2 quarterstaff of chaos.
You die...

####.#.# #.# #.#.###.#
#.......# ######
######### #....#
####.# ##########♣♣♣♣♣
#.# ......##....♣.♣♣♣
### ####.#
#####.#......♣..♣#...#
#....#
#.......♣♣♣♣@g...#
###..# #####.#....♣♣
♣♣#..)# ###..#
#.......##♣♣ ###
#....# #.###.###
###.## #.# #.# #.#
#.###.#### ### #.#
.........# ##'## #.#
#.#.####.# ##...## #.#
#.#.####.###..†..##
###.#


You could see Crazy Yiuf.

Vanquished Creatures
  Jessica (D:2)
  Natasha (thrice) (D:2)
  Terence (D:3)
  Robin (D:2)
  An adder (D:3)
  3 worms
  3 orcs
  5 endoplasms
  3 giant cockroaches
  20 goblins
  9 hobgoblins
  2 jackals (D:1)
  A quokka (D:2)
  5 ball pythons
  7 bats
  6 frilled lizards
  5 kobolds
  8 rats
84 creatures vanquished.

Notes
Turn   | Place    | Note
-------+----------+-------------------------------------------
     0 | D:1      | freelancePsychic the Minotaur Warper began the quest for
                  | the Orb.
     0 | D:1      | Reached XP level 1. HP: 18/18 MP: 1/1
   170 | D:1      | Reached XP level 2. HP: 14/25 MP: 3/3
   265 | D:1      | Reached skill level 1 in Stealth
   768 | D:1      | Found a faded altar of an unknown god.
   938 | D:2      | Reached XP level 3. HP: 13/30 MP: 4/4
  1037 | D:2      | Reached skill level 1 in Ranged Weapons
  1041 | D:2      | Reached skill level 3 in Fighting
  1041 | D:2      | Noticed Robin
  1054 | D:2      | Killed Robin
  1085 | D:2      | Noticed Natasha
  1090 | D:2      | Killed Natasha
  1091 | D:2      | Reached XP level 4. HP: 16/38 MP: 5/5
  1223 | D:2      | Noticed Natasha
  1226 | D:2      | Killed Natasha
  1388 | D:2      | Noticed Jessica
  1388 | D:2      | Noticed Natasha
  1479 | D:2      | Killed Natasha
  1480 | D:2      | Reached XP level 5. HP: 5/46 MP: 6/6
  1629 | D:2      | Killed Jessica
  2137 | D:3      | Noticed Terence
  2140 | D:3      | Killed Terence
  2141 | D:3      | Reached skill level 4 in Fighting
  2258 | D:3      | Found a hazy altar of Hepliaklqana.
  2333 | D:3      | Noticed Ijyb
  2810 | D:3      | Found a runed translucent door.
  2811 | D:3      | Noticed Crazy Yiuf
  3224 | D:3      | Slain by Crazy Yiuf

Illustrated notes

Levels and vault maps discovered:
D:1:      dpeg_arrival_morbid_curiosity, layout_basic,
          shapermc_ecumenical_altar_mp_urbaneastern, nrook_mini_backslash
D:2:      layout_rooms, uniq_robin, uniq_jessica, uniq_natasha
D:3:      layout_loops_corners, lemuel_doored_altar,
          minmay_randomly_rotated_circles, uniq_terence,
          uniq_crazy_yiuf_cottage, uniq_ijyb

Skill      XL: |  1  2  3  4  5 |
---------------+----------------+-----
Maces & Flails | 3 |  3.1
Stealth        | 1 2 |  2.5
Ranged Weapons | 2 3 |  3.8
Fighting       | 3 4 |  4.1
Throwing       | |  1.0
Armour         | |  1.2
Dodging        | |  2.1
Spellcasting   | |  1.3
Translocations | |  2.1

Action                     |  1- 3 |  4- 6 || total
---------------------------+-------+-------++-------
  Melee: Mace              |    35 |     3 ||    38
         Headbutt          |     4 |       ||     4
   Fire: Arbalest          |    41 |   116 ||   157
 Armour: Leather armour    |    23 |     8 ||    31
  Dodge: Dodged            |    44 |    42 ||    86
